 Dungeon Crawl Stone Soup version 0.17-a0-1069-g92ad481 (webtiles) character file.

128 Mygna the Conjurer (level 4, -1/49 HPs)
             Began as a Draconian Conjurer on May 17, 2015.
             Killed from afar by Natasha (4 damage)
             ... with a magic dart
             ... on level 4 of the Dungeon.
             The game lasted 00:07:13 (1938 turns).

Mygna the Conjurer (Draconian Conjurer)             Turns: 1938, Time: 00:07:14

Health: -1/49      AC:  6    Str: 13    XL:     4   Next: 86%
Magic:  1/7        EV: 12    Int: 16    God:
Gold:   110        SH:  0    Dex: 11    Spells: 3 memorised, 1 level left

rFire  . . .     SeeInvis .     c - +0 spear
rCold  . . .     Clarity  .     (armour unavailable)
rNeg   . . .     SustAb   .     (no shield)
rPois  .         Gourm    .     (helmet restricted)
rElec  .         Spirit   .     (no cloak)
rCorr  .         Warding  .     p - +0 pair of gloves
rMut   .         Stasis   .     (no boots)
MR     .....                    x - amulet of rage
Stlth  ..........               (no ring)
                                t - -3 ring of strength (curse)

@: berserking, very quick, not resistant to hostile enchantments, extremely
unstealthy
A: unfitting armour, cold-blooded, AC +5
a: Evoke Berserk Rage


You were on level 4 of the Dungeon.
You were not hungry.

You visited 1 branch of the dungeon, and saw 4 of its levels.

You collected 110 gold pieces.

Inventory:

Hand weapons
 c - a +0 spear (weapon)
Missiles
 o - 7 javelins (quivered)
Armour
 p - a +0 pair of gloves (worn)
Jewellery
 t - a cursed -3 ring of strength (left hand)
 x - an amulet of rage (around neck)
Magical devices
 q - a wand of fireball (9)
Scrolls
 d - a scroll of amnesia {unknown}
 e - a scroll of random uselessness {unknown}
 f - a scroll of noise {unknown}
 h - a scroll of enchant armour {unknown}
 j - a scroll of fear {unknown}
 s - a scroll of blinking {unknown}
 u - 2 scrolls of immolation {unknown}
 w - 3 scrolls of identify {unknown}
 y - 3 scrolls of teleportation {unknown}
 z - a scroll of fog {unknown}
Potions
 g - a potion of heal wounds {unknown}
 i - a potion of curing {unknown}
 l - a potion of degeneration {unknown}
 m - a potion of flight {unknown}
 r - a potion of poison {unknown}
Books
 a - a book of Conjurations

   Spells                             Type                      Level
   a - Magic Dart                     Conjuration                  1
   b - Searing Ray                    Conjuration                  2
   c - Dazzling Spray                 Conjuration/Hexes            3
   d - Fulminant Prism                Conjuration/Hexes            4
   e - Iskenderun's Mystic Blast      Conjuration                  4
   f - Iskenderun's Battlesphere      Conjuration/Charms           5
Comestibles
 b - 2 bread rations
 k - 2 slices of pizza
 n - a chunk of flesh
 v - a beef jerky
 A - a meat ration


   Skills:
 - Level 1.7 Dodging
 - Level 1.7 Stealth
 - Level 2.0 Spellcasting
 * Level 6.0 Conjurations
 + Level 1.3 Hexes


You had one spell level left.
You knew the following spells:

 Your Spells              Type           Power        Failure   Level  Hunger
a - Magic Dart            Conj           ###.         1%          1    #......
b - Searing Ray           Conj           ###...       2%          2    ###....
c - Dazzling Spray        Conj/Hex       ##......     14%         3    ###....


Dungeon Overview and Level Annotations

Branches:
Dungeon (4/15)
 Temple: D:4-7

Altars:
Kikubaaqudgha

Annotations:
D:4 Natasha


Innate Abilities, Weirdness & Mutations

Your plain brown scales are hard (AC +5).
Your body does not fit into most forms of armour.
You are cold-blooded and may be slowed by cold attacks.


Message History

You closely miss something. Something claws you but does no damage.
Use which ability? (? or * to list)
A red film seems to cover your vision as you go berserk!
You feel yourself moving faster!
You feel mighty! Something claws you.
You barely miss something. Something claws you.
You closely miss something. Something claws you.
* * * LOW HITPOINT WARNING * * *
You barely miss something. You closely miss something. Something claws you.
* * * LOW HITPOINT WARNING * * *
You barely miss something. Something claws you.
* * * LOW HITPOINT WARNING * * *
You closely miss something. You barely miss something. Something claws you.
* * * LOW HITPOINT WARNING * * *
You closely miss something.
You hear some strange, mumbled words.
A magic dart appears from out of thin air!
The magic dart hits you!
You die...

##...## ##...## #...#
##..# # #...#####...#
#. #...........# #.
##..........(# #..
###.............. #..
##................
#...#...............#.
#..{@..............##
#.................##
#...............[..#
#...##.............##
#.## ##............#
#. ##..........## .
##.........#
##.....#### #######


There were no monsters in sight!

Vanquished Creatures
  A scorpion (D:4)
  2 adders
  3 worms
  2 giant geckos
  An orc (D:4)
  2 ball pythons
  2 giant cockroaches
  A hobgoblin (D:2)
  6 jackals (D:1)
  5 bats
  3 giant newts (D:2)
  10 goblins
  4 kobolds
  7 rats
49 creatures vanquished.

Notes
Turn   | Place    | Note
--------------------------------------------------------------
     0 | D:1      | Mygna the Draconian Conjurer began the quest for the Orb.
     0 | D:1      | Reached XP level 1. HP: 14/14 MP: 3/3
   272 | D:1      | Reached XP level 2. HP: 20/20 MP: 3/5
   842 | D:1      | Learned a level 2 spell: Searing Ray
   976 | D:2      | Reached skill level 5 in Conjurations
  1027 | D:2      | Reached XP level 3. HP: 26/26 MP: 4/6
  1106 | D:2      | Learned a level 3 spell: Dazzling Spray
  1539 | D:3      | Found an ancient bone altar of Kikubaaqudgha.
  1711 | D:3      | You fall through a shaft!
  1716 | D:4      | Reached XP level 4. HP: 33/33 MP: 3/7
  1723 | D:4      | Noticed a scorpion
  1758 | D:4      | Killed a scorpion
  1758 | D:4      | Reached skill level 1 in Hexes
  1884 | D:4      | Reached skill level 6 in Conjurations
  1900 | D:4      | Noticed Natasha
  1938 | D:4      | Killed from afar by Natasha

Vault maps used:
D:1:      dpeg_arrival_boxorama, minmay_bisected
D:3:      overflow_temple_1_default
D:4:      first_bread, uniq_pikel, uniq_natasha

Action                   |  1- 3 |  4- 6 || total
-------------------------+-------+-------++-------
Melee: Spear             |    36 |    21 ||    57
 Cast: Magic Dart        |    63 |     6 ||    69
       Searing Ray       |     5 |     4 ||     9
 Abil: Evoke Berserk Rag |       |     2 ||     2
  Eat: Chunk             |     4 |     2 ||     6
